[Event "Titled Tuesday Blitz May 03 Late 2022"]
[White "Ambartsumova, Karina"]
[Black "Weber, Samuel"]
[WhiteFideId "4166299"]
[BlackFideId "12924008"]
[WhiteElo "2262"]
[BlackElo "2215"]
[Result "1-0"]
[Round "07"]
[TimeControl "180+1"]
[Date "2022.05.03"]
[WhiteClock "0:01:28"]
[BlackClock "0:00:32"]

1. c4 Nf6 2. Nf3 d6 3. d4 g6 4. g3 Bg7 5. Bg2 O-O 6. Nc3 c6 7. e4 Nbd7 8. O-O e5 9. Qc2 Re8 10. Rd1 exd4 11. Nxd4 Nc5 12. h3 Bd7 13. b4 Ne6 14. Nxe6 Bxe6 15. e5 Nd7 16. exd6 Bxc4 17. Bb2 f5 18. Na4 b5 19. Bxg7 Kxg7 20. Bxc6 Re2 21. Qc3+ Nf6 22. Bxa8 Qxa8 23. Nc5 f4 24. d7 fxg3 25. Qxg3 Qd8 26. Nb7 Qb6 27. d8=Q Qxb7 28. Qdc7+ 1-0


[Site "https://www.chess.com"]

[Event "Titled Tuesday Blitz May 03 Late 2022"]
[White "Andreikin, Dmitry"]
[Black "Narayanan.S.L"]
[WhiteFideId "4158814"]
[BlackFideId "5058422"]
[WhiteElo "2736"]
[BlackElo "2494"]
[Result "1-0"]
[Round "07"]
[TimeControl "180+1"]
[Date "2022.05.03"]
[WhiteClock "0:00:36"]
[BlackClock "0:00:04"]

1. d4 Nf6 2. c4 g6 3. Nc3 Bg7 4. e4 O-O 5. Be3 d6 6. h3 Nc6 7. d5 Ne5 8. f4 Ned7 9. Bd3 e6 10. Nf3 exd5 11. cxd5 c6 12. dxc6 bxc6 13. O-O Re8 14. Bc2 Nxe4 15. Nxe4 d5 16. f5 dxe4 17. Ng5 Ne5 18. fxg6 hxg6 19. Bb3 Bh6 20. Qc1 Kg7 21. Nxf7 Bxe3+ 22. Qxe3 Qb6 23. Qxb6 axb6 24. Nd6 Re7 25. Nxe4 c5 26. Bd5 Ra4 27. Nc3 Rd4 28. Rfe1 Bf5 29. Re3 Nc6 30. Rae1 Rxe3 31. Rxe3 Nb4 32. Bf3 Rd2 33. Re2 Rd7 34. g4 Bd3 35. Re6 b5 36. Re5 Rc7 37. a3 Nc2 38. Be4 Bxe4 39. Nxe4 b4 40. a4 c4 41. Rc5 Rxc5 42. Nxc5 b3 43. Ne4 Nb4 44. a5 Kf7 45. Nd6+ Ke6 46. Nxc4 Kd5 47. Nd2 Kc5 48. Nxb3+ Kb5 49. h4 Nd3 50. h5 gxh5 51. gxh5 Nf4 52. h6 1-0


[Site "https://www.chess.com"]

[Event "Titled Tuesday Blitz May 03 Late 2022"]
[White "Ansh M Shah"]
[Black "Prieto Aranguren, Alain"]
[WhiteFideId "25033379"]
[BlackFideId "2268906"]
[WhiteElo "1819"]
[BlackElo "2235"]
[Result "1-0"]
[Round "07"]
[TimeControl "180+1"]
[Date "2022.05.03"]
[WhiteClock "0:00:53"]
[BlackClock "0:00:13"]

1. d4 a6 2. c4 b5 3. e3 bxc4 4. Bxc4 d5 5. Bd3 Nf6 6. Nf3 e6 7. O-O Bd6 8. Nc3 O-O 9. e4 dxe4 10. Nxe4 Nbd7 11. Nxd6 cxd6 12. Bf4 Qb6 13. Rb1 Bb7 14. Be2 Be4 15. Bd3 Bxf3 16. Qxf3 Qxd4 17. Rfd1 Ne5 18. Qg3 Nxd3 19. Rxd3 Qc4 20. Bxd6 Qxa2 21. Rbd1 Rfd8 22. Be5 Rxd3 23. Qxd3 Nd5 24. h4 Qa4 25. g3 Rc8 26. b3 Qc6 27. Ra1 Qb5 28. Qf3 Rc2 29. Qg4 g6 30. Qg5 Qe2 31. Qd8# 1-0


[Site "https://www.chess.com"]

[Event "Titled Tuesday Blitz May 03 Late 2022"]
[White "Baches Garcia, Guillermo"]
[Black "Janaszak, Dawid"]
[WhiteFideId "2209764"]
[BlackFideId "1119206"]
[WhiteElo "2499"]
[BlackElo "2199"]
[Result "0-1"]
[Round "07"]
[TimeControl "180+1"]
[Date "2022.05.03"]
[WhiteClock "0:00:02"]
[BlackClock "0:00:39"]

1. e4 c5 2. Nf3 Nc6 3. d4 cxd4 4. Nxd4 g6 5. c4 e5 6. Nb5 d6 7. Be2 Be6 8. O-O a6 9. N5c3 Nf6 10. Na3 Bg7 11. Be3 O-O 12. Qd2 Rc8 13. Rfd1 Nd4 14. Bf1 Ng4 15. h3 Nxe3 16. fxe3 Nc6 17. Nd5 Qg5 18. Kh2 Kh8 19. b4 Bh6 20. b5 Ne7 21. Nc2 axb5 22. cxb5 Rc5 23. Rac1 Nxd5 24. exd5 Rxd5 25. Qc3 Rc5 26. Qb4 Rfc8 27. Rxd6 Rxc2 28. Rxc2 Rxc2 29. Qe4 Rxa2 30. Qxb7 Qxe3 31. Qb8+ Kg7 32. Rd8 Bf4+ 33. Kh1 Qe1 34. Rg8+ Kh6 35. Qf8+ Kh5 36. g4+ Bxg4 37. hxg4+ Kxg4 0-1


[Site "https://www.chess.com"]

[Event "Titled Tuesday Blitz May 03 Late 2022"]
[White "Bailey, Ben"]
[Black "Mirza, Diana"]
[WhiteFideId "2021293"]
[BlackFideId "2503999"]
[WhiteElo "2297"]
[BlackElo "1813"]
[Result "1-0"]
[Round "07"]
[TimeControl "180+1"]
[Date "2022.05.03"]
[WhiteClock "0:00:05"]
[BlackClock "0:00:01"]

1. d4 Nf6 2. c4 g6 3. Nc3 Bg7 4. e4 d6 5. Be2 O-O 6. Nf3 e5 7. O-O Nc6 8. d5 Ne7 9. b4 Nh5 10. Re1 Nf4 11. Bf1 f5 12. g3 fxe4 13. Ng5 Nd3 14. Ncxe4 Nxe1 15. Qxe1 Nf5 16. c5 h6 17. Nf3 Nxg3 18. hxg3 Rxf3 19. Bg2 Rf7 20. cxd6 cxd6 21. b5 Bg4 22. Ba3 Bf8 23. Qe3 Qb6 24. Qxb6 axb6 25. Bxd6 Be2 26. Bxe5 Bg7 27. Bxg7 Kxg7 28. Re1 Bc4 29. Nd6 Bxa2 30. Nxf7 Kxf7 31. d6 Rd8 32. Rd1 Ke6 33. Bh3+ Ke5 34. d7 g5 35. Re1+ Kd6 36. Re8 Kc7 37. Bf5 Bf7 38. Re5 Bc4 39. Kg2 Rf8 40. Kh3 Rd8 41. Kg4 Bf7 42. f4 Kd6 43. Re1 gxf4 44. Rd1+ Kc7 45. gxf4 Bg8 46. Rc1+ 1-0


[Site "https://www.chess.com"]

[Event "Titled Tuesday Blitz May 03 Late 2022"]
[White "Barria Zuniga, Daniel"]
[Black "Vujic, Mihailo"]
[WhiteFideId "3400816"]
[BlackFideId "918873"]
[WhiteElo "2414"]
[BlackElo "2256"]
[Result "0-1"]
[Round "07"]
[TimeControl "180+1"]
[Date "2022.05.03"]
[WhiteClock "0:00:31"]
[BlackClock "0:00:10"]

1. c4 e5 2. g3 Nc6 3. Bg2 Nf6 4. Nc3 Bc5 5. Na4 Be7 6. d3 d6 7. a3 h6 8. b4 Bf5 9. b5 Na5 10. Bd2 b6 11. Bxa5 bxa5 12. Bxa8 Qxa8 13. f3 O-O 14. Nc3 Bg6 15. Nh3 d5 16. cxd5 Nxd5 17. Nxd5 Qxd5 18. O-O Bc5+ 19. Kg2 Bf5 20. Nf2 Be3 21. a4 Qe6 22. Qc2 Rc8 23. Rac1 Bxc1 24. Rxc1 g5 25. Qc6 Qxc6 26. Rxc6 Kg7 27. Ra6 Ra8 28. Rxa5 Kf8 29. Ra6 Be6 30. Ne4 Ke7 31. Nc5 h5 32. Nxe6 fxe6 33. Rc6 Kd7 34. Ra6 Ke7 35. Kf2 h4 36. Ke3 Kf6 37. g4 h3 38. Kf2 e4 39. dxe4 Ke5 40. Kg3 Rd8 41. Rxa7 Rd2 42. Rxc7 Rxe2 43. Kxh3 Kf4 44. Rf7+ Ke3 45. b6 Rb2 46. b7 Kf2 47. f4 Rb3# 0-1


[Site "https://www.chess.com"]

[Event "Titled Tuesday Blitz May 03 Late 2022"]
[White "Bibasa, Bob"]
[Black "Bifulco, Michel"]
[WhiteFideId "10000240"]
[BlackFideId "828580"]
[WhiteElo "2056"]
[BlackElo "2165"]
[Result "0-1"]
[Round "07"]
[TimeControl "180+1"]
[Date "2022.05.03"]
[WhiteClock "0:01:45"]
[BlackClock "0:01:26"]

1. e4 e5 2. Nf3 Nc6 3. Bc4 Nf6 4. d3 h6 5. c3 d6 6. O-O g5 7. d4 g4 8. Nfd2 exd4 9. cxd4 Nxd4 10. Nc3 Bg7 11. Re1 O-O 12. Nf1 c5 13. Be3 Nd7 14. Ng3 Ne5 15. Bf1 Nef3+ 16. gxf3 Nxf3+ 17. Kh1 Qh4 18. h3 Be5 19. Bg2 Bxg3 20. fxg3 Qxg3 21. Bxf3 Qxh3+ 22. Kg1 gxf3 23. Qd2 Kh7 24. Qh2 Rg8+ 25. Kh1 f2 0-1


[Site "https://www.chess.com"]

[Event "Titled Tuesday Blitz May 03 Late 2022"]
[White "Mandura, Tijana"]
[Black "Tristan, Leonardo"]
[WhiteFideId "16500270"]
[BlackFideId "113816"]
[WhiteElo "2169"]
[BlackElo "2404"]
[Result "0-1"]
[Round "07"]
[TimeControl "180+1"]
[Date "2022.05.03"]
[WhiteClock "0:01:28"]
[BlackClock "0:02:11"]

1. e4 d5 2. e5 c5 3. c3 d4 4. Nf3 Nc6 5. Bb5 Bg4 6. Nxd4 Bxd1 7. Nxc6 Qb6 8. Nxa7+ Kd8 9. d4 Rxa7 10. Na3 Rxa3 11. bxa3 Qxb5 12. Kxd1 cxd4 13. cxd4 e6 14. Be3 Qd3+ 15. Bd2 Bxa3 16. Rb1 Qxb1+ 0-1


[Site "https://www.chess.com"]

[Event "Titled Tuesday Blitz May 03 Late 2022"]
[White "Bluebaum, Matthias"]
[Black "Tanenbaum, Zachary"]
[WhiteFideId "24651516"]
[BlackFideId "2060850"]
[WhiteElo "2550"]
[BlackElo "2168"]
[Result "1-0"]
[Round "07"]
[TimeControl "180+1"]
[Date "2022.05.03"]
[WhiteClock "0:00:27"]
[BlackClock "0:00:03"]

1. d4 d5 2. Nc3 Nf6 3. Bf4 a6 4. e3 Bf5 5. Nf3 e6 6. Ne5 Nfd7 7. g4 Bg6 8. h4 Nxe5 9. dxe5 h5 10. Be2 hxg4 11. Bg3 Be7 12. Bxg4 Bxh4 13. Bxe6 Qg5 14. Qxd5 fxe6 15. Qxe6+ Kf8 16. Qc8+ Be8 17. O-O-O Rh6 18. Bf4 Qe7 19. Bxh6 gxh6 20. Rd4 Nc6 21. Rf4+ Kg7 22. Qxa8 Bg5 23. Rg4 Nxe5 24. Rg3 Bc6 25. Rd1 Nc4 26. Qd8 Qb4 27. Rxg5+ hxg5 28. Qxg5+ Kf7 29. Qf4+ Ke8 30. Na4 Qxa4 31. Qxc7 Bd7 32. Rxd7 Qxd7 33. Qxc4 Qh3 34. Qe4+ Kd8 35. Kd2 Kc7 36. Qf4+ Kb6 37. Qd4+ Kc7 38. a4 Qg2 39. Qf4+ Kc8 40. b3 Qf1 41. Qc4+ Kb8 42. Qxf1 1-0


[Site "https://www.chess.com"]

[Event "Titled Tuesday Blitz May 03 Late 2022"]
[White "Bortnyk, Olexandr"]
[Black "Drygalov, Sergey"]
[WhiteFideId "14120828"]
[BlackFideId "24171743"]
[WhiteElo "2723"]
[BlackElo "2514"]
[Result "0-1"]
[Round "07"]
[TimeControl "180+1"]
[Date "2022.05.03"]
[WhiteClock "0:00:06"]
[BlackClock "0:01:46"]

1. d4 Nf6 2. Nc3 d5 3. Bf4 a6 4. e3 e6 5. Nf3 b5 6. Bd3 Bb7 7. O-O Nbd7 8. Qe2 c5 9. dxc5 Nxc5 10. Rad1 b4 11. Nb1 Be7 12. c4 bxc3 13. Nxc3 O-O 14. Bb1 a5 15. Qc2 Rc8 16. Bg5 Nce4 17. Bh4 Ba6 18. Rfe1 g6 19. h3 Nxc3 20. bxc3 Ne4 21. Bxe7 Qxe7 22. Rd4 Nxc3 23. Qb2 Rc5 24. Bd3 Bxd3 25. Rxd3 Rfc8 26. Nd4 a4 27. Qa3 Qf6 28. f3 Qh4 29. Rc1 e5 30. Kf1 Ne4 31. fxe4 Rxc1+ 32. Ke2 Re1+ 33. Kd2 Qf2+ 0-1


[Site "https://www.chess.com"]

[Event "Titled Tuesday Blitz May 03 Late 2022"]
[White "D`Arruda, Ricardo D."]
[Black "Sanchez Alvares, Kelvin Antonio"]
[WhiteFideId "100692"]
[BlackFideId "3906680"]
[WhiteElo "2443"]
[BlackElo "2193"]
[Result "0-1"]
[Round "07"]
[TimeControl "180+1"]
[Date "2022.05.03"]
[WhiteClock "0:00:07"]
[BlackClock "0:00:55"]

1. d4 Nf6 2. Nf3 c5 3. d5 g6 4. Nc3 Bg7 5. e4 d6 6. Be2 O-O 7. O-O Bg4 8. h3 Bxf3 9. Bxf3 Nfd7 10. Be2 Na6 11. Be3 Nc7 12. f4 a6 13. a4 b6 14. Qd2 Rb8 15. e5 dxe5 16. f5 Ne8 17. Bh6 Nd6 18. g4 b5 19. axb5 axb5 20. Bxg7 Kxg7 21. Qe3 c4 22. fxg6 hxg6 23. Qg3 f6 24. h4 Qb6+ 25. Kg2 b4 26. Na4 Qd4 27. Bf3 e4 28. Be2 Qxd5 29. Rad1 Qe5 30. Qe3 Rh8 31. h5 gxh5 32. gxh5 Qg5+ 33. Qxg5+ fxg5 34. Bxc4 Ne5 35. Be2 Ra8 36. b3 Rac8 37. Rc1 g4 38. Nb6 Rc3 39. Nd5 Rf3 40. Bxf3 exf3+ 41. Kg3 Rxh5 42. Rh1 Rf5 43. Nxe7 Ne4+ 44. Kh4 Rf8 45. Rce1 Rh8# 0-1


[Site "https://www.chess.com"]

[Event "Titled Tuesday Blitz May 03 Late 2022"]
[White "Deac, Bogdan-Daniel"]
[Black "Nakamura, Hikaru"]
[WhiteFideId "1226380"]
[BlackFideId "2016192"]
[WhiteElo "2648"]
[BlackElo "2850"]
[Result "1/2-1/2"]
[Round "07"]
[TimeControl "180+1"]
[Date "2022.05.03"]
[WhiteClock "0:00:06"]
[BlackClock "0:00:05"]

1. e4 c5 2. Nf3 e6 3. g3 d6 4. d4 cxd4 5. Nxd4 e5 6. Nb3 h6 7. Bg2 Be6 8. O-O Nf6 9. Nc3 Nbd7 10. Re1 Be7 11. Nd2 a6 12. a4 Bg4 13. Bf3 Bxf3 14. Qxf3 O-O 15. Nf1 d5 16. Nxd5 Nxd5 17. exd5 Bd6 18. Ne3 Re8 19. Nf5 Bf8 20. c4 a5 21. d6 b6 22. Be3 Re6 23. Rad1 Rc8 24. Qd5 Qe8 25. Qb5 g6 26. Ne7+ Bxe7 27. dxe7 Rxe7 28. Bxh6 Nc5 29. Qxb6 Re6 30. Qb5 Nxa4 31. Ra1 Nc5 32. Rxa5 Qd8 33. Be3 Rb6 34. Qxc5 Rxc5 35. Rxc5 Rxb2 36. Rxe5 Qd3 37. c5 Rc2 38. Re8+ Kg7 39. Rb8 Qc3 40. Rbb1 Qf6 41. Rbc1 Rxc1 42. Rxc1 Qc6 43. h4 f6 44. Rd1 Kf7 45. Rd6 Qe4 46. c6 Qb1+ 47. Kh2 Qc2 48. Kg1 Qb1+ 49. Kh2 Qc2 50. Bd4 f5 51. Rf6+ Ke7 52. c7 Qxc7 53. Rxg6 Qc2 54. Be3 f4 55. Rg7+ Kf8 56. Bd4 Qd3 57. Rd7 fxg3+ 58. fxg3 Qe2+ 59. Kg1 Qe1+ 60. Kg2 Ke8 61. Rd6 Ke7 62. Rf6 Qe4+ 63. Kh2 Qxd4 64. Rf4 Qd2+ 65. Kh3 Ke6 66. Kg4 Ke5 67. Kh3 Qd1 68. Kg2 Qc1 69. Kh2 Qc2+ 70. Kg1 Qe2 71. Kh1 Qd2 72. Kg1 Qa2 73. Kh1 Qb3 74. Kg2 Qc2+ 75. Kg1 Qc3 76. Kg2 Qd2+ 77. Kg1 Qe2 78. Kh1 Qc2 79. Kg1 1/2-1/2


[Site "https://www.chess.com"]

[Event "Titled Tuesday Blitz May 03 Late 2022"]
[White "Dimakiling, Oliver"]
[Black "Ibarra Jerez, Jose Carlos"]
[WhiteFideId "5202248"]
[BlackFideId "2226332"]
[WhiteElo "2426"]
[BlackElo "2626"]
[Result "1-0"]
[Round "07"]
[TimeControl "180+1"]
[Date "2022.05.03"]
[WhiteClock "0:00:53"]
[BlackClock "0:00:14"]

1. c4 e5 2. Nc3 Nc6 3. g3 Bc5 4. Bg2 d6 5. a3 a6 6. b4 Ba7 7. Bb2 h5 8. h4 Bg4 9. d3 Qd7 10. Ne4 Nge7 11. Nf3 O-O 12. Qd2 f6 13. e3 Qf5 14. Nh2 Bh3 15. Bxh3 Qxh3 16. Qe2 Qf5 17. Nc3 Rad8 18. O-O-O b5 19. cxb5 axb5 20. Nxb5 Bb6 21. g4 hxg4 22. Nxg4 e4 23. Nc3 d5 24. Rhg1 Kh7 25. h5 Ng8 26. Rg3 Rf7 27. f3 exf3 28. Qxf3 Qxf3 29. Rxf3 d4 30. Ne4 Re7 31. h6 Nxh6 32. Nexf6+ Kg6 33. Nxh6 Kxh6 34. Rg1 g5 35. Ne4 Re5 36. Rf6+ Kh5 37. Rxc6 dxe3 38. Bxe5 e2 39. Rxg5+ Kh4 40. Rh6# 1-0


[Site "https://www.chess.com"]

[Event "Titled Tuesday Blitz May 03 Late 2022"]
[White "Fedoseev, Vladimir"]
[Black "Zhigalko, Sergei"]
[WhiteFideId "24130737"]
[BlackFideId "13502956"]
[WhiteElo "2726"]
[BlackElo "2662"]
[Result "0-1"]
[Round "07"]
[TimeControl "180+1"]
[Date "2022.05.03"]
[WhiteClock "0:00:01"]
[BlackClock "0:00:02"]

1. h4 e5 2. h5 d5 3. h6 Nxh6 4. d4 Nc6 5. dxe5 Ng4 6. Bf4 Ngxe5 7. e3 Bg4 8. Be2 Bxe2 9. Qxe2 Qd7 10. Nd2 O-O-O 11. O-O-O Ng6 12. Bg3 Bd6 13. Bxd6 Qxd6 14. Ngf3 h6 15. Rh5 Rhe8 16. Qb5 a6 17. Qa4 Qb4 18. Qxb4 Nxb4 19. a3 Nc6 20. g4 d4 21. e4 d3 22. c3 f6 23. Rhh1 Nf4 24. Kb1 b5 25. Nh4 Rd7 26. Nf5 Ne5 27. Ne3 Kb7 28. Nb3 Kb6 29. Nd4 c5 30. Ndf5 Red8 31. f3 a5 32. Rhf1 a4 33. Rf2 c4 34. Rff1 Kc5 35. Rf2 Kc6 36. Rff1 Kb6 37. Rf2 Ka6 38. Rff1 Nf7 39. Nxg7 Ne5 40. Ngf5 h5 41. gxh5 Nxh5 42. Nd5 Rxd5 43. exd5 Rxd5 44. Ne3 Rd8 45. f4 Ng6 46. f5 Ne5 47. Rh1 Ng3 48. Rh6 Rd6 49. Rg1 Ne4 50. Rh4 Nc5 51. Rd4 Rc6 52. Rd5 Nb3 53. Rg8 d2 54. Kc2 Nd3 55. Rg1 Ne1+ 0-1


[Site "https://www.chess.com"]

[Event "Titled Tuesday Blitz May 03 Late 2022"]
[White "Fiorito, Fabian"]
[Black "Ezat, Mohamed"]
[WhiteFideId "100200"]
[BlackFideId "10600906"]
[WhiteElo "2395"]
[BlackElo "2386"]
[Result "1-0"]
[Round "07"]
[TimeControl "180+1"]
[Date "2022.05.03"]
[WhiteClock "0:01:20"]
[BlackClock "0:01:06"]

1. e4 c6 2. d4 d5 3. Nc3 b5 4. a3 a6 5. exd5 cxd5 6. h3 Bf5 7. Nf3 e6 8. Be2 Nf6 9. O-O Bd6 10. Bd2 Nc6 11. Na2 O-O 12. Nb4 Nxb4 13. Bxb4 Ne4 14. c3 a5 15. Bxd6 Nxd6 16. Bd3 Bxd3 17. Qxd3 Qb6 18. Ne5 Ra7 19. b3 Rc8 20. Rab1 Rac7 21. Rfc1 b4 22. axb4 axb4 23. c4 Qa6 24. c5 Nb5 25. Ra1 Qb7 26. c6 Qb8 27. Nd7 Rxd7 28. cxd7 Rxc1+ 29. Rxc1 Nc3 30. Rxc3 bxc3 31. Qxc3 Qd8 32. Qc8 Qxc8 33. dxc8=Q# 1-0


[Site "https://www.chess.com"]

[Event "Titled Tuesday Blitz May 03 Late 2022"]
[White "Fishbein, Alexander"]
[Black "Kholin, Aleksandr"]
[WhiteFideId "2000377"]
[BlackFideId "14179385"]
[WhiteElo "2442"]
[BlackElo "2479"]
[Result "1-0"]
[Round "07"]
[TimeControl "180+1"]
[Date "2022.05.03"]
[WhiteClock "0:00:58"]
[BlackClock "0:00:11"]

1. e4 c6 2. d3 d5 3. Nd2 Qc7 4. Ngf3 e5 5. g3 Nf6 6. Bg2 dxe4 7. Nxe4 Nxe4 8. dxe4 Be7 9. O-O O-O 10. b3 Be6 11. Bb2 Nd7 12. h4 h6 13. Kh2 Rad8 14. Qe2 Bg4 15. Bh3 Bxh3 16. Kxh3 Rfe8 17. Rad1 Bf8 18. Kg2 Nc5 19. h5 Bd6 20. Nh4 Ne6 21. Nf5 Bf8 22. Qg4 Kh7 23. f4 exf4 24. gxf4 Rxd1 25. Rxd1 Qxf4 26. Qxf4 Nxf4+ 27. Kf3 Nh3 28. e5 Ng5+ 29. Kg4 b5 30. Rd7 a5 31. Rc7 Rd8 32. Bc1 Rd5 33. Bxg5 hxg5 34. Rxf7 Kg8 35. e6 Re5 36. Kxg5 Rxe6 37. Ra7 Bc5 38. Rxa5 Bb4 39. Ra7 Bd2+ 40. Kg4 Bc3 41. Re7 Rxe7 42. Nxe7+ Kf7 43. Nxc6 Ke6 44. Kg5 Kd5 45. Ne7+ Ke4 46. Nf5 Kf3 47. Kg6 Kg4 48. Nxg7 1-0


[Site "https://www.chess.com"]

[Event "Titled Tuesday Blitz May 03 Late 2022"]
[White "Gabrielian, Artur"]
[Black "Aggelis, Nikolaos"]
[WhiteFideId "4131002"]
[BlackFideId "4213220"]
[WhiteElo "2440"]
[BlackElo "2154"]
[Result "1-0"]
[Round "07"]
[TimeControl "180+1"]
[Date "2022.05.03"]
[WhiteClock "0:00:54"]
[BlackClock "0:00:08"]

1. e4 c5 2. Nf3 e6 3. d4 cxd4 4. Nxd4 Nf6 5. Nc3 Nc6 6. Qd3 Bb4 7. Bd2 O-O 8. O-O-O a6 9. Nxc6 bxc6 10. e5 Bxc3 11. Bxc3 Nd5 12. Bd2 Qb6 13. c4 Rb8 14. b3 Nb4 15. Bxb4 Qxb4 16. Qd2 a5 17. Qxb4 axb4 18. Bd3 f6 19. exf6 Rxf6 20. f3 d5 21. Rhe1 Kf7 22. Kb2 Ba6 23. cxd5 Bxd3 24. dxe6+ Rxe6 25. Rxe6 Kxe6 26. Rxd3 c5 27. Re3+ Kd6 28. f4 Rf8 29. g3 h6 30. Re2 g5 31. fxg5 hxg5 32. h4 Rf3 33. Rd2+ Ke6 34. Re2+ Kd6 35. Rh2 Rxg3 36. h5 Rf3 37. h6 Rf8 38. h7 Rh8 39. Kc2 g4 40. Kd3 g3 41. Rh6+ Kd5 42. Rh5+ Kd6 43. Ke3 Ke6 44. Kf3 Kf6 45. Kxg3 Kg6 46. Kg4 Rxh7 47. Rxh7 Kxh7 48. Kf5 Kg7 49. Ke5 Kf7 50. Kd5 1-0


[Site "https://www.chess.com"]

[Event "Titled Tuesday Blitz May 03 Late 2022"]
[White "Gombocz, Ferenc Jr."]
[Black "Przybylski, Wojciech"]
[WhiteFideId "775029"]
[BlackFideId "1117599"]
[WhiteElo "1913"]
[BlackElo "2133"]
[Result "0-1"]
[Round "07"]
[TimeControl "180+1"]
[Date "2022.05.03"]
[WhiteClock "0:00:07"]
[BlackClock "0:00:05"]

1. c4 e5 2. g3 Nf6 3. Bg2 h5 4. h4 c6 5. Nf3 d6 6. Nc3 Bf5 7. d3 Qd7 8. e4 Bg4 9. Ne2 Na6 10. a3 Nc5 11. b4 Ne6 12. Bb2 c5 13. Qd2 Nd4 14. Bxd4 cxd4 15. O-O Be7 16. c5 Bh3 17. Bxh3 Qxh3 18. cxd6 Bxd6 19. Ng5 Qd7 20. f4 O-O 21. f5 Ng4 22. Rfc1 Rfc8 23. Rxc8+ Rxc8 24. Rc1 Ne3 25. Rxc8+ Qxc8 26. Qc1 Qxc1+ 27. Nxc1 Nc2 28. a4 Nxb4 29. Nf3 f6 30. Nd2 Kf7 31. Nc4 Bc7 32. Kf2 g6 33. fxg6+ Kxg6 34. Ke2 f5 35. Kd2 Kf6 36. Nb3 b6 37. Nc1 Na6 38. Nb3 Ke6 39. Na3 Bb8 40. Nb5 Nb4 41. Na3 Nc6 42. Nc4 Bc7 43. Ke2 Nb4 44. Kd2 Nc6 45. Ke2 Bd8 46. a5 Nb4 47. axb6 Bxb6 48. Nxb6 axb6 49. Nd2 Nc6 50. Nc4 b5 51. Nb6 Ne7 52. Kd2 Kd6 53. exf5 Nxf5 54. Nc8+ Kd7 55. Na7 Nd6 56. g4 hxg4 57. h5 Ke6 58. Nc6 Nf7 59. Ke2 Kf5 60. Kf2 Kg5 61. Kg3 Kxh5 62. Nb4 Kg5 63. Nd5 Nh6 64. Kg2 Nf5 65. Kf2 Ne3 66. Nb4 Kf5 67. Kg3 Kg5 68. Kf2 Kf4 69. Nc6 g3+ 70. Kg1 Nd5 71. Kg2 b4 72. Na5 Ne3+ 73. Kg1 Nc2 74. Nb3 Ne1 75. Nc5 Nf3+ 76. Kg2 Nd2 77. Kg1 b3 78. Na4 Ke3 79. Nb2 Ke2 80. Kg2 e4 81. Kxg3 exd3 82. Kf4 Nf3 83. Ke4 d2 84. Kd5 d1=Q 85. Nxd1 Kxd1 86. Kc4 Kc2 87. Kb4 d3 88. Kc4 b2 0-1


[Site "https://www.chess.com"]

[Event "Titled Tuesday Blitz May 03 Late 2022"]
[White "Gomez Dieguez, David"]
[Black "Mohammadian, Mohammad"]
[WhiteFideId "22223630"]
[BlackFideId "12566055"]
[WhiteElo "2115"]
[BlackElo "1544"]
[Result "1-0"]
[Round "07"]
[TimeControl "180+1"]
[Date "2022.05.03"]
[WhiteClock "0:01:02"]
[BlackClock "0:00:03"]

1. c4 Nf6 2. Nf3 g6 3. d4 Bg7 4. g3 O-O 5. Bg2 c6 6. Nc3 d5 7. Qb3 dxc4 8. Qxc4 e6 9. O-O a6 10. Rd1 b5 11. Qb3 Bb7 12. Ne5 Nd5 13. Ne4 Nd7 14. Nxd7 Qxd7 15. Nc5 Qc8 16. e4 Nb6 17. e5 Nc4 18. Qc2 a5 19. b3 Nb6 20. a4 Nd5 21. Ba3 Rd8 22. Rac1 Qb8 23. Nxb7 Qxb7 24. Qxc6 Qxc6 25. Rxc6 b4 26. Bb2 Rdc8 27. Rdc1 Rxc6 28. Rxc6 Kf8 29. Bxd5 exd5 30. Rc5 Ke7 31. Rxd5 Ke6 32. Rc5 Bf8 33. Rc4 Kd5 34. f3 f5 35. Kf2 Ke6 36. Ke3 Bh6+ 37. Kd3 f4 38. g4 g5 39. Ke4 Rd8 40. Rc6+ 1-0


[Site "https://www.chess.com"]

[Event "Titled Tuesday Blitz May 03 Late 2022"]
[White "Gurevich, Dmitry"]
[Black "Melikhov, Evgeny V."]
[WhiteFideId "2000407"]
[BlackFideId "4122046"]
[WhiteElo "2506"]
[BlackElo "1931"]
[Result "1-0"]
[Round "07"]
[TimeControl "180+1"]
[Date "2022.05.03"]
[WhiteClock "0:01:39"]
[BlackClock "0:00:09"]

1. d4 Nf6 2. c4 e6 3. g3 d5 4. Bg2 dxc4 5. Qa4+ Bd7 6. Qxc4 Bc6 7. Nf3 Qd5 8. Qxd5 Bxd5 9. Nc3 Bb4 10. O-O O-O 11. Nxd5 exd5 12. Bf4 c6 13. a3 Be7 14. b4 a6 15. Rab1 Nbd7 16. Rfc1 Nb6 17. Ne5 Bd6 18. Nd3 Bxf4 19. gxf4 Nc4 20. Rb3 Ne8 21. Ne5 Ned6 22. e3 f5 23. Bf1 Nd2 24. Rbc3 Nxf1 25. Kxf1 Nf7 26. a4 Nxe5 27. fxe5 Rfe8 28. f4 h6 29. h4 Kh7 30. h5 Re6 31. Kf2 g6 32. b5 cxb5 33. axb5 gxh5 34. Rc7+ Kh8 35. Rxb7 axb5 36. Rxb5 Ra2+ 37. Kf3 Rg6 38. Rc8+ Kh7 39. Rb7+ Rg7 40. Rcc7 Rxc7 41. Rxc7+ Kg6 42. Rc6+ Kg7 43. Rf6 h4 44. Rxf5 Kg6 45. Rf6+ Kh5 46. e6 h3 47. e7 Ra8 48. Rf8 h2 49. Kg2 Ra2+ 50. Kh1 Kh4 51. e8=Q Kg3 52. Qg6+ Kf3 53. Qxh6 Ra1+ 54. Kxh2 Ra2+ 55. Kh3 Ra1 56. Qh5+ 1-0


[Site "https://www.chess.com"]

[Event "Titled Tuesday Blitz May 03 Late 2022"]
[White "Guz, Ari"]
[Black "Leiva, Gianmarco"]
[WhiteFideId "2825759"]
[BlackFideId "3804399"]
[WhiteElo "1913"]
[BlackElo "2323"]
[Result "1-0"]
[Round "07"]
[TimeControl "180+1"]
[Date "2022.05.03"]
[WhiteClock "0:00:20"]
[BlackClock "0:00:01"]

1. Nf3 Nf6 2. b3 g6 3. Bb2 Bg7 4. e3 O-O 5. Be2 d6 6. d4 b6 7. O-O Bb7 8. c4 e6 9. Nc3 Ne4 10. Nxe4 Bxe4 11. Nd2 Bb7 12. Bf3 Qc8 13. Qc2 c5 14. Bxb7 Qxb7 15. dxc5 bxc5 16. Bxg7 Kxg7 17. Ne4 Qe7 18. Qc3+ e5 19. Rad1 Rd8 20. Rd5 f5 21. Nxc5 Nc6 22. Nd3 Rab8 23. Rd1 Kg8 24. a3 Rdc8 25. Nb4 Nxb4 26. axb4 Rc6 27. b5 Rcb6 28. Qb4 a6 29. Rxd6 axb5 30. Rxg6+ Rxg6 31. Qxe7 1-0


[Site "https://www.chess.com"]

[Event "Titled Tuesday Blitz May 03 Late 2022"]
[White "Hakobyan, Aram"]
[Black "Moiseenko, Alexander"]
[WhiteFideId "13306677"]
[BlackFideId "14102560"]
[WhiteElo "2557"]
[BlackElo "2577"]
[Result "1-0"]
[Round "07"]
[TimeControl "180+1"]
[Date "2022.05.03"]
[WhiteClock "0:01:16"]
[BlackClock "0:00:19"]

1. d4 Nf6 2. c4 c5 3. d5 b5 4. Qc2 a6 5. e4 d6 6. b3 g6 7. Bb2 Bg7 8. Nd2 O-O 9. Ngf3 b4 10. Bd3 e5 11. a3 a5 12. axb4 cxb4 13. c5 Nh5 14. O-O Na6 15. cxd6 f6 16. Rfc1 Qxd6 17. Rxa5 Nf4 18. Bf1 Bb7 19. g3 Rac8 20. Nc4 Qd7 21. gxf4 Qg4+ 22. Bg2 Qxf4 23. Qd2 Qxe4 24. Nd6 Rxc1+ 25. Qxc1 Qe2 26. Nxb7 Nb8 27. d6 Nc6 28. Qxc6 Qxb2 29. d7 1-0


[Site "https://www.chess.com"]